 Dungeon Crawl Stone Soup: Circus Animals version 1.7-37-g2c94cca (webtiles) character file.

2966 DarthKuruptios the Conjurer (level 14, -4/162 HPs) *STANDARD*
             Began as a Human Fire Elementalist on Sept 21, 2016.
             Slain by Rupert
             ... wielding a +2 great mace of protection
              (17 damage)
             ... on level 3 of the Lair of Beasts on Sept 23, 2016.
             The game lasted 01:41:32 (12163 turns).

DarthKuruptios the Conjurer (HuFE)                 Turns: 12163, Time: 01:41:33

HP:   -4/162 (162)  AC:  8    Str: 14    XL:     14   Next: 5%
MP:   37/66         EV: 17    Int: 18    God:
Gold: 627           SH:  8    Dex: 19    Spells: 6 memorised, 1 level left

rFire  . . .     rPois    +     s - +5 mace of Plog {crush, *Noise rPois Dex+3 Stlth+}
rCold  . . .     rElec    .     i - +2 robe {MR+}
rNeg   . . .     rCorr    .     d - +1 buckler MagicSh . . . SeeInvis +
                                m - +0 helmet StaminaSh . . . Faith .
                                e - +0 cloak RegenHP ++++......
SustAt .                        (no gloves) RegenSP +++....... Dismiss .
                                (no boots) RegenMP +++....... Reflect .
                                (no amulet)
MR     +++..     Harm     .     h - +5 ring of strength
Stlth  ++++......               u - ring of see invisible

@: focus, slow, extremely resistant to hostile enchantments, stealthy
A: unfocussed dna 2
a: Release Summoned Creatures


You were on level 3 of the Lair of Beasts.
You were not hungry.

You visited 2 branches of the dungeon, and saw 10 of its levels.

You collected 681 gold pieces.
You spent 54 gold pieces at shops.

Inventory:

Hand Weapons
 b - a +2 whip of venom
 s - the +5 mace of Plog (weapon) {crush, *Noise rPois Dex+3 Stlth+}
   (You found it on level 2 of the Lair of Beasts)

   It inflicts extra damage upon your enemies.
   It affects your dexterity (+3).
   It protects you from poison.
   It may make noises in combat.
   It makes you more stealthy.
Missiles
 t - 6 poisoned javelins
Armour
 a - a +1 robe
 d - a +1 buckler (worn)
 e - a +0 cloak (worn)
 i - a +2 robe of magic resistance (worn)
 k - the +3 leather armour of a treasure trove {SP+25}
   (You found it on level 6 of the Dungeon)

   It affects your stamina capacity (+25).
 m - a +0 helmet (worn)
Magical Staves
 c - an uncursed staff of air
 l - an uncursed staff of light
Jewellery
 f - an uncursed amulet of magic shield
 g - an uncursed ring of resist corrosion
 h - a +5 ring of strength (right hand)
 u - a ring of see invisible (left hand)
Wands
 j - a wand of confusion (31/48)
 n - a wand of polymorph (3/24)
 o - a wand of iceblast (12/15)
 p - a wand of slowing (41/48)
 q - a wand of flame (22/48)
 r - a wand of enslavement (7/24)
 v - a wand of random effects (13/48)
 w - a wand of lightning (10/15)
 x - a wand of acid (8/15)
Scrolls
 e - a scroll of identify
 m - 2 scrolls of enchant weapon
 s - a scroll of recharging
 t - 4 scrolls of magic mapping
 v - 2 scrolls of fog
 w - 5 scrolls of remove curse
Potions
 c - 4 potions of stamina
 d - 4 potions of magic
 f - a potion of beneficial mutation {unknown}
 g - 8 potions of curing
 h - a potion of berserk rage {unknown}
 i - 4 potions of lignification
 j - a potion of cure mutation
 l - 7 potions of might
 n - 2 potions of agility
 o - a potion of haste {unknown}
 p - 4 potions of flight
 q - 2 potions of mutation
 u - 2 potions of weak mutation
Books
 a - a book of Flames

   Spells                             Type                      Level
   a - Flame Tongue                   Fire                         1
   b - Conjure Flame                  Conjuration/Fire             3
   c - Inner Flame                    Hexes/Fire/Time              3
   d - Sticky Flame                   Conjuration/Fire/Time        4
   e - Fireball                       Conjuration/Fire/Light       5
   f - Bolt of Magma                  Conjuration/Fire/Earth       5
 r - a book of Beasts

   Spells                             Type                      Level
   a - Summon Butterflies             Summoning/Air                1
   b - Call Canine Familiar           Summoning/Earth              3
   c - Summon Ice Beast               Ice/Summoning                4
   d - Summon Mana viper              Hexes/Summoning              5
   e - Summon Hydra                   Summoning                    7


   Skills:
 - Level 3.0 Dodging
 - Level 1.0 Stealth
 + Level 5.0 Spellcasting
 * Level 5.7 Conjurations
 - Level 3.2 Summonings
 + Level 5.2 Fire Magic
 * Level 5.5 Light Magic
 * Level 4.9 Time Magic


You had one spell level left.
You knew the following spells:

 Your Spells              Type           Power        Failure   Level  Hunger
a - Flame Tongue          Fire           #.........   2%          1    ##.....
 b -                      Fireball       Conj/Fire/Light#......... 22%         5    ####...
c - Sticky Flame          Conj/Fire/Time #.........   12%         4    ###....
d - Call Canine Familiar  Summ/Erth      #.........   9%          3    ###....
e - Bolt of Magma         Conj/Fire/Erth #.........   22%         5    ####...
f - Summon Ice Beast      Ice/Summ       #.........   16%         4    ###....


Dungeon Overview and Level Annotations

Branches:
Dungeon (7/7)                Lair (3/7) D:7
 Shoals: Lair:2-6     Snake: Lair:2-6     Swamp: Lair:2-6

Altars:
Cheibriados
Pakellas
Xom

Shops:
D:4 [

Annotations:
Lair:3 Rupert


Innate Abilities, Weirdness & Mutations

New mutations are much less likely to enhance existing mutations.


Message History

The death yak completely misses you. x2; Your ice beast hits the death yak. (mon hp-4)
Your ice beast freezes the death yak! (mon hp-11)
The death yak completely misses you. The death yak gores you! (hp-10)
You block Rupert's attack. The death yak completely misses you.
The death yak misses you.
The flame tongue hits Rupert.
Rupert appears unharmed.
Your ice beast completely misses the death yak.
You block the death yak's attack. The death yak completely misses you.
The death yak gores you. (hp-3)
The death yak gores you! (hp-16)
* * * LOW HITPOINT WARNING * * *; You block Rupert's attack.
Your ice beast hits the death yak but does no damage.
The death yak gores you!! (hp-21)
* * * LOW HITPOINT WARNING * * *; The death yak barely misses you.
Unknown command.
The death yak misses you. You block the death yak's attack.
Your ice beast hits the death yak but does no damage.
The death yak gores you! (hp-8)
* * * LOW HITPOINT WARNING * * *; You block the death yak's attack.
Rupert hits you with a great mace of protection! (hp-17)
You die...

## ####
#.##PP#####
#YPY.....#
#@@......+
+YY......#
#Y.......##
#.........#
#.......P##
##........P##
.....
#...........#
.....
#####..######
.... #...#
...P


You could see Rupert, 4 death yaks and a friendly ice beast.

Vanquished Creatures
  A death yak (Lair:3)
  Erica (Lair:2)
  3 torpor snails (Lair:2)
  2 black mambas
  4 spiny frogs
  A komodo dragon (Lair:1)
  Prince Ribbit (D:5)
  3 blink frogs (Lair:1)
  Duvessa (D:7)
  24 yaks
  2 hippogriffs
  6 basilisks
  8 water moccasins
  2 hell hounds (D:7)
  Dowan (D:7)
  2 phantoms
  A black bear (Lair:2)
  An ice beast (D:5)
  5 porcupines
  4 sky beasts
  5 ogres
  A necrophage (D:5)
  3 crocodiles
  A centaur (D:7)
  11 giant frogs
  15 river rats
  2 scorpions
  6 killer bees (D:7)
  5 wights (D:7)
  3 crimson imps
  A giant frog skeleton (D:4)
  3 jellies
  A quasit (D:7)
  4 centaur skeletons
  3 hounds
  An orc priest (D:4)
  6 iguanas
  13 orc wizards
  9 worker ants
  8 sheep (Lair:1)
  Terence (D:2)
  2 hound skeletons
  A hound zombie (D:5)
  2 dart slugs (D:1)
  5 giant geckos
  An ooze (D:7)
  24 orcs
  7 worms
  15 adders
  17 bats
  5 giant cockroaches
  11 gnolls
  9 hobgoblins
  13 jackals
  A shadow imp (D:5)
  An adder skeleton (D:4)
  2 ball pythons (D:4)
  11 giant newts
  9 goblins
  A jackal skeleton (D:5)
  4 kobolds
  A quokka skeleton (D:6)
  10 rats
327 creatures vanquished.

Vanquished Creatures (collateral kills)
  A spiny frog (Lair:1)
  2 blink frogs (Lair:1)
  A yak (Lair:1)
  A water moccasin (Lair:1)
  A giant frog (Lair:1)
  2 river rats (Lair:1)
8 creatures vanquished.

Vanquished Creatures (others)
  2 crocodiles (Lair:1)
  7 fungi
  4 plants
13 creatures vanquished.

Grand Total: 348 creatures vanquished

Notes
Turn   | Place    | Note
-------+----------+-------------------------------------------
     0 | D:1      | DarthKuruptios the Human Fire Elementalist began the quest for the Orb.
     0 | D:1      | Reached XP level 1. HP: 32/32 MP: 100/100
   151 | D:1      | Reached XP level 2. HP: 42/42 MP: 96/100
   225 | D:1      | Reached XP level 3. HP: 49/52 MP: 80/100
   330 | D:1      | Reached XP level 4. HP: 59/62 MP: 83/100
  1514 | D:2      | Reached XP level 5. HP: 72/72 MP: 96/100
  1675 | D:2      | Noticed Terence
  1683 | D:2      | Killed Terence
  1761 | D:2      | Learned a level 5 spell: Fireball
  2089 | D:2      | Found a shimmering altar of Xom.
  2346 | D:3      | Reached XP level 6. HP: 82/82 MP: 85/100
  2833 | D:4      | Reached skill level 1 in Light Magic
  3004 | D:4      | Noticed a phantom
  3014 | D:4      | Killed a phantom
  3014 | D:4      | Reached XP level 7. HP: 88/92 MP: 63/100
  3036 | D:4      | Found Hitydiaqui's Armour Shoppe.
  3072 | D:4      | Bought a +0 cloak for 54 gold pieces
  3108 | D:4      | HP: 8/92 [poisoned by an orc]
  3918 | D:4      | Reached XP level 8. HP: 102/102 MP: 77/100
  4196 | D:4      | Learned a level 4 spell: Sticky Flame
  4208 | D:5      | Entered Level 5 of the Dungeon
  4274 | D:5      | Found a faded altar of an unknown god.
  4306 | D:5      | Reached skill level 1 in Time Magic
  4465 | D:5      | Noticed Prince Ribbit
  4470 | D:5      | Killed Prince Ribbit
  4520 | D:5      | Reached XP level 9. HP: 98/111 MP: 55/100
  4612 | D:5      | Found an oddly glowing altar of Pakellas.
  5270 | D:6      | Got an ichor-stained leather armour
  5286 | D:6      | Identified the +3 leather armour of a treasure trove {SP+25} (You found it on level 6 of the Dungeon)
  5700 | D:7      | Entered Level 7 of the Dungeon
  5926 | D:7      | Noticed Duvessa
  5932 | D:7      | Killed Duvessa
  5933 | D:7      | Noticed Dowan
  5938 | D:7      | Killed Dowan
  6268 | D:7      | Reached XP level 10. HP: 121/121 MP: 42/100
  6327 | D:7      | Found a staircase to the Lair.
  7699 | D:7      | Learned a level 3 spell: Call Canine Familiar
  7769 | Lair:1   | Entered Level 1 of the Lair of Beasts
  8340 | Lair:1   | Noticed a komodo dragon
  8348 | Lair:1   | Killed a komodo dragon
  8348 | Lair:1   | Reached skill level 1 in Summonings
  8348 | Lair:1   | Reached XP level 11. HP: 118/132 MP: 3/100
  9038 | Lair:2   | Got a dazzling mace
  9039 | Lair:2   | Identified the +5 mace of Plog {crush, *Noise rPois Dex+3 Stlth+} (You found it on level 2 of the Lair of Beasts)
  9385 | Lair:2   | Reached XP level 12. HP: 126/142 MP: 31/100
  9813 | Lair:2   | Found a snail-covered altar of Cheibriados.
 10323 | Lair:1   | Reached skill level 5 in Conjurations
 10371 | Lair:1   | Reached XP level 13. HP: 116/152 MP: 32/100
 10598 | Lair:1   | Reached skill level 5 in Fire Magic
 10843 | Lair:1   | Reached skill level 5 in Light Magic
 11076 | Lair:1   | Learned a level 5 spell: Bolt of Magma
 11378 | Lair:2   | Noticed Erica
 11385 | Lair:2   | Killed Erica
 12050 | Lair:3   | Reached skill level 5 in Spellcasting
 12081 | Lair:3   | Noticed a death yak
 12082 | Lair:3   | Noticed a death yak
 12083 | Lair:3   | Noticed a death yak
 12083 | Lair:3   | Noticed a death yak
 12085 | Lair:3   | Noticed a death yak
 12085 | Lair:3   | Killed a death yak
 12085 | Lair:3   | Reached XP level 14. HP: 162/162 MP: 49/100
 12086 | Lair:3   | Noticed Rupert
 12157 | Lair:2   | Learned a level 4 spell: Summon Ice Beast
 12163 | Lair:3   | HP: 13/162 [death yak (8)]
 12163 | Lair:3   | Slain by Rupert

Skill      XL: |  1  2  3  4  5  6  7  8  9 10 11 12 13 |
---------------+----------------------------------------+-----
Light Magic    | 1 2 3 4 5 |  5.5
Conjurations   | 2 3 4 5 |  5.7
Fire Magic     | 4 5 |  5.2
Spellcasting   | 4 5 |  5.0
Time Magic     | 1 2 3 4 |  4.9
Summonings     | 1 2 3 |  3.2
Dodging        | |  3.0
Stealth        | |  1.0

Action                   |  1- 3 |  4- 6 |  7- 9 | 10-12 | 13-15 || total
-------------------------+-------+-------+-------+-------+-------++-------
Melee: Whip              |       |    17 |    17 |    16 |       ||    50
       Staff             |       |       |       |    12 |       ||    12
       Mace              |       |       |       |     8 |     9 ||    17
 Cast: Flame Tongue      |    35 |   163 |   226 |   264 |    59 ||   747
       Sticky Flame      |       |       |    15 |    45 |    24 ||    84
       Call Canine Famil |       |       |       |     8 |       ||     8
       Fireball          |       |       |       |     3 |     6 ||     9
       Bolt of Magma     |       |       |       |       |    14 ||    14
       Summon Ice Beast  |       |       |       |       |     1 ||     1
 Abil: Release Summoned  |       |       |       |     1 |       ||     1
Evoke: Wand              |       |       |       |     4 |       ||     4
  Use: Scroll            |       |    15 |     5 |     7 |     1 ||    28
       Potion            |       |       |     2 |     5 |     5 ||    12
 Stab: Sleeping          |       |       |     1 |       |       ||     1
Armor: Robe              |    10 |    12 |    38 |    53 |    29 ||   142
Dodge: Dodged            |    43 |   123 |   249 |   455 |   193 ||  1063
Block: Buckler           |       |       |       |   100 |    79 ||   179
